[Event "Titled Tuesday Blitz November 08 Early 2022"]
[White "Kozak, Antoni"]
[Black "D`Arruda, Ricardo D."]
[WhiteFideId "21832030"]
[BlackFideId "100692"]
[WhiteElo "2710"]
[BlackElo "2522"]
[Result "1-0"]
[Round "09"]
[TimeControl "180+1"]
[Date "2022.11.09"]
[WhiteClock "0:00:08"]
[BlackClock "0:00:06"]

1. e4 c5 2. Nf3 Nc6 3. g3 Nf6 4. Nc3 d5 5. exd5 Nxd5 6. Bg2 Bg4 7. h3 Bh5 8. g4 Bg6 9. d3 e6 10. Be3 Nxe3 11. fxe3 Qc7 12. Qe2 O-O-O 13. O-O-O Be7 14. Kb1 h5 15. g5 h4 16. Qf2 Bd6 17. Ne2 Bh5 18. Rdf1 Bg3 19. Nxg3 hxg3 20. Qe1 Kb8 21. h4 Bg4 22. Nd2 Ne7 23. Rxf7 Rdf8 24. Rxf8+ Rxf8 25. Ne4 Nf5 26. h5 Rh8 27. h6 gxh6 28. gxh6 Rxh6 29. Rxh6 Nxh6 30. Qxg3 Qxg3 31. Nxg3 b6 32. Kc1 Kc7 33. Kd2 Kd6 34. Ne4+ Ke5 35. Nc3 Bh5 36. Nb5 a5 37. Na3 Kd6 38. Nc4+ Kc7 39. Be4 Be8 40. Ne5 Nf7 41. Nxf7 Bxf7 42. d4 Kd6 43. c4 e5 44. d5 Be8 45. Bc2 Bd7 46. Ke2 Be8 47. Kf3 Bd7 48. Kg3 Be8 49. Kh4 Bd7 50. Kg5 Bh3 51. Ba4 Bf1 52. Bb5 Bh3 53. Kf6 Bc8 54. Kf7 Bg4 55. Ke8 Bf5 56. Kd8 Bg4 57. Ba6 Bf5 58. Ke8 Bg4 59. Bb5 Bf5 60. Kf7 Bg4 61. Kf6 Be2 62. Kg5 Bd3 63. Kh4 Be2 64. Kg3 Bd3 65. Kf2 Be4 66. Ke1 Bd3 67. Kd2 Be4 68. Kc3 Bf3 69. a3 Bd1 70. b4 axb4+ 71. axb4 Bf3 72. Ba4 Be2 73. Bc2 Bf1 74. bxc5+ Kxc5 75. Bd3 Bh3 76. Kd2 Bd7 77. Ke2 Kd6 78. Kf3 Bh3 79. Kg3 Bd7 80. Kh4 Be8 81. Kg5 Ba4 82. Kf6 Bd7 83. Kf7 Bh3 84. Kf8 Bg4 85. Ke8 Bh3 86. Kd8 Bg4 87. Bf1 Bf5 88. Ke8 Bg4 89. Kf7 Bf5 90. Kf6 Bc2 91. Kg5 Be4 92. Kg4 Bc2 93. Kg3 Be4 94. Kf2 b5 95. cxb5 Bxd5 96. Ke1 Kc5 97. Kd2 Bb7 98. Kc3 Bc8 99. Kb3 Bd7 100. Ka4 Kb6 101. Kb4 Be6 102. Bd3 Bf7 103. Be4 Be6 104. Bc6 Bf7 105. Kc3 Kc5 106. Kd3 Bg6+ 107. Ke2 Bf5 108. Kf3 Bg6 109. Kg4 Bd3 110. Kg5 Kd6 111. Kf6 Bc4 112. Be8 Bd5 113. Bc6 Bc4 114. Be8 Bd3 115. b6 Be4 116. Bg6 Bb7 117. Be8 Kc5 118. Kxe5 Kxb6 119. Kd6 Be4 120. Bf7 Kb7 121. Bd5+ Bxd5 122. Kxd5 Kc7 123. Ke6 Kd8 124. e4 Ke8 125. e5 Kd8 126. Kf7 Kc7 127. e6 1-0


[Site "https://www.chess.com"]

[Event "Titled Tuesday Blitz November 08 Early 2022"]
[White "Kuchava, Ana"]
[Black "Cella, Glaucio Dalla Cortt"]
[WhiteFideId "13605348"]
[BlackFideId "2119455"]
[WhiteElo "2001"]
[BlackElo "2011"]
[Result "0-1"]
[Round "09"]
[TimeControl "180+1"]
[Date "2022.11.09"]
[WhiteClock "0:00:02"]
[BlackClock "0:00:24"]

1. d3 c5 2. c4 Nf6 3. g3 e6 4. Bg2 d5 5. cxd5 exd5 6. Nf3 Nc6 7. O-O Be7 8. Nc3 O-O 9. h3 d4 10. Nb1 h6 11. a3 Be6 12. Nbd2 Qd7 13. Kh2 Nd5 14. Nc4 b5 15. Nce5 Nxe5 16. Nxe5 Qc7 17. Nf3 Rfd8 18. Qc2 Rac8 19. Bd2 Bf6 20. Rac1 c4 21. dxc4 bxc4 22. Qa4 c3 23. bxc3 dxc3 24. Bf4 Nxf4 25. Qxf4 c2 26. Qxc7 Rxc7 27. Ne1 Rdc8 28. Be4 Bb3 29. Nd3 a5 30. Bf5 Re8 31. e4 Bc3 32. Ne1 Bb2 33. Nd3 Bxc1 34. Rxc1 g6 35. Bg4 Rd8 36. Be2 Rc3 0-1


[Site "https://www.chess.com"]

[Event "Titled Tuesday Blitz November 08 Early 2022"]
[White "Kuznetsova, Olga"]
[Black "Fawzy, Adham"]
[WhiteFideId "4191323"]
[BlackFideId "10613129"]
[WhiteElo "2134"]
[BlackElo "2541"]
[Result "1-0"]
[Round "09"]
[TimeControl "180+1"]
[Date "2022.11.09"]
[WhiteClock "0:01:30"]
[BlackClock "0:00:01"]

1. d4 d5 2. Bf4 c5 3. e3 Nc6 4. c3 Bf5 5. Nf3 Qb6 6. b3 cxd4 7. exd4 e6 8. Bd3 Bxd3 9. Qxd3 Nf6 10. Nbd2 Be7 11. O-O O-O 12. Rfe1 Rac8 13. h3 Qd8 14. Ne5 Nd7 15. Nxd7 Qxd7 16. Re3 Bd6 17. Bxd6 Qxd6 18. Rae1 Ne7 19. Nf3 Ng6 20. g3 a6 21. Ne5 Nxe5 22. Rxe5 b5 23. Qf3 Rc7 24. R1e3 Rfc8 25. Qg4 h6 26. Qf3 g6 27. h4 h5 28. g4 hxg4 29. Qxg4 Rxc3 30. Rxc3 Rxc3 31. h5 Rc1+ 32. Kg2 Kg7 33. hxg6 1-0


[Site "https://www.chess.com"]

[Event "Titled Tuesday Blitz November 08 Early 2022"]
[White "Lakshmi C"]
[Black "Sanchez, Robert"]
[WhiteFideId "25035347"]
[BlackFideId "2034360"]
[WhiteElo "1865"]
[BlackElo "2387"]
[Result "1-0"]
[Round "09"]
[TimeControl "180+1"]
[Date "2022.11.09"]
[WhiteClock "0:01:46"]
[BlackClock "0:02:06"]

1. d4 Nf6 2. c4 e6 3. Nc3 Bb4 4. Qb3 Nc6 5. Nf3 O-O 6. a3 Be7 7. e4 d5 8. e5 Ne4 9. cxd5 exd5 10. Qxd5 Bf5 11. Qxd8 Raxd8 12. Be3 f6 13. d5 Nxc3 14. dxc6 Nd5 15. cxb7 Nxe3 16. fxe3 Bc5 17. Bc4+ Kh8 18. e6 Rfe8 19. Rd1 Rxd1+ 20. Kxd1 Bxe3 21. Re1 Bf4 22. e7 c6 23. Bf7 1-0


[Site "https://www.chess.com"]

[Event "Titled Tuesday Blitz November 08 Early 2022"]
[White "Lawson, Eric"]
[Black "Zemlyanskii, Ivan"]
[WhiteFideId "2604116"]
[BlackFideId "24249971"]
[WhiteElo "2508"]
[BlackElo "2107"]
[Result "0-1"]
[Round "09"]
[TimeControl "180+1"]
[Date "2022.11.09"]
[WhiteClock "0:01:11"]
[BlackClock "0:00:34"]

1. e4 c5 2. Nf3 e6 3. g3 Nc6 4. Bg2 Nf6 5. Nc3 d5 6. exd5 exd5 7. d4 cxd4 8. Nxd4 Bg4 9. f3 Bd7 10. Be3 Bb4 11. O-O O-O 12. Nde2 Be6 13. Bf2 Bf5 14. Nb5 Re8 15. c3 Ba5 16. Re1 Bb6 17. Nbd4 Bg6 18. Qd2 Ne5 19. Nf4 Nc4 20. Qc1 Rxe1+ 21. Bxe1 Rc8 22. Bf2 Qd6 23. Bh3 Re8 24. b3 Ne5 25. Qd1 Qc7 26. Rc1 a6 27. Kg2 Nh5 28. Nxh5 Bxh5 29. g4 Bg6 30. f4 Be4+ 31. Kg3 Nd3 32. Rc2 Qxf4+ 33. Kh4 Bd8+ 0-1


[Site "https://www.chess.com"]

[Event "Titled Tuesday Blitz November 08 Early 2022"]
[White "Lazavik, Denis"]
[Black "Matlakov, Maxim"]
[WhiteFideId "13515110"]
[BlackFideId "4168003"]
[WhiteElo "2483"]
[BlackElo "2669"]
[Result "1/2-1/2"]
[Round "09"]
[TimeControl "180+1"]
[Date "2022.11.08"]
[WhiteClock "0:00:11"]
[BlackClock "0:00:13"]

1. d4 Nf6 2. c4 e6 3. Nf3 d5 4. g3 Bb4+ 5. Bd2 Be7 6. Bg2 O-O 7. O-O Nbd7 8. Qc2 c6 9. Bf4 b6 10. cxd5 cxd5 11. Rc1 Bb7 12. Bc7 Qe8 13. Qb3 Ne4 14. Nc3 Nxc3 15. Rxc3 Ba6 16. Rc2 Bc4 17. Qe3 Rc8 18. Bf4 Bb5 19. Rac1 Rxc2 20. Rxc2 Qa8 21. Qc1 Ba6 22. e3 Rc8 23. Rc7 Bd8 24. Rxc8 Qxc8 25. Qxc8 Bxc8 26. Bf1 a6 27. Bd3 f6 28. Bd6 g6 29. g4 Kf7 30. Kg2 h6 31. h4 g5 32. Kg3 b5 33. b3 Bb7 34. Ng1 Bc6 35. f4 a5 36. Nf3 b4 37. Ba6 gxf4+ 38. exf4 Nb6 39. g5 Kg7 40. Kg4 Be8 41. Bd3 h5+ 42. Kg3 Bg6 43. Ne1 Nc8 44. Bc5 Ne7 45. Bxe7 Bxe7 46. Kf3 Bd8 47. Bxg6 Kxg6 48. Nc2 Bb6 49. Kg3 Kf5 50. Kf3 Kg6 51. Kg3 Ba7 52. Kf3 Bb6 1/2-1/2


[Site "https://www.chess.com"]

[Event "Titled Tuesday Blitz November 08 Early 2022"]
[White "Makridis, Dimitrios"]
[Black "Volkov, Maksim"]
[WhiteFideId "25864475"]
[BlackFideId "54123070"]
[WhiteElo "2826"]
[BlackElo "2638"]
[Result "0-1"]
[Round "09"]
[TimeControl "180+1"]
[Date "2022.11.09"]
[WhiteClock "0:00:02"]
[BlackClock "0:00:38"]

1. e4 c5 2. Nf3 d6 3. d4 cxd4 4. Nxd4 Nf6 5. Nc3 a6 6. h3 e5 7. Nde2 h5 8. Bg5 Be6 9. f4 Nbd7 10. f5 Bc4 11. Ng3 Bxf1 12. Nxf1 Qb6 13. Ne3 Rc8 14. O-O Rxc3 15. bxc3 Nxe4 16. Rb1 Qa7 17. Kh2 Nxg5 18. Nd5 Ne4 19. c4 Be7 20. Nc7+ Kf8 21. Qd5 Ndc5 22. Rbe1 Nf6 23. Qd2 h4 24. Nd5 Nxd5 25. Qxd5 Rh6 26. Rb1 Qa8 27. Kh1 Qc8 28. Qd2 Ne4 29. Qxd6 0-1


[Site "https://www.chess.com"]

[Event "Titled Tuesday Blitz November 08 Early 2022"]
[White "Manukian, Artak"]
[Black "Goroshkov, Maksym"]
[WhiteFideId "13301373"]
[BlackFideId "14142716"]
[WhiteElo "2130"]
[BlackElo "2257"]
[Result "1/2-1/2"]
[Round "09"]
[TimeControl "180+1"]
[Date "2022.11.09"]
[WhiteClock "0:00:15"]
[BlackClock "0:01:02"]

1. e4 e5 2. Nf3 d6 3. d4 Bg4 4. dxe5 Nd7 5. exd6 Bxd6 6. Be2 Ngf6 7. h3 Bh5 8. e5 Bxf3 9. exd6 Bc6 10. O-O O-O 11. Nc3 cxd6 12. Qxd6 Re8 13. Be3 Nb6 14. Qxd8 Raxd8 15. Rfe1 Nfd5 16. Nxd5 Nxd5 17. Bd3 Nxe3 18. Rxe3 Rxe3 19. fxe3 Re8 20. Kf2 g6 21. a4 f5 22. a5 a6 23. b4 Kg7 24. Rb1 Rc8 25. c4 Be4 26. Bxe4 fxe4 27. Rc1 Kf6 28. Ke2 Ke5 29. c5 Rd8 30. c6 bxc6 31. Rxc6 Rb8 32. Rxa6 Rxb4 33. Rb6 Ra4 34. a6 Ra2+ 35. Kf1 Kd5 36. h4 Ke5 37. g4 Ra3 38. Kf2 Ra2+ 39. Kf1 Ra3 40. Ke2 Ra2+ 41. Ke1 Ra3 42. Kd2 Rd3+ 43. Ke2 Ra3 44. h5 gxh5 45. gxh5 Ra2+ 46. Kf1 Kf5 47. h6 Kg4 48. Rf6 Kg3 49. Ke1 Kg4 50. Kd1 Kg5 51. Re6 Kf5 52. Rb6 Kg4 53. Rf6 Kg5 54. Re6 Kf5 55. Rb6 Kg4 56. Rf6 1/2-1/2


[Site "https://www.chess.com"]

[Event "Titled Tuesday Blitz November 08 Early 2022"]
[White "Martin, Lewis"]
[Black "Rios Escobar, Adan"]
[WhiteFideId "410551"]
[BlackFideId "3403645"]
[WhiteElo "2145"]
[BlackElo "2347"]
[Result "1-0"]
[Round "09"]
[TimeControl "180+1"]
[Date "2022.11.09"]
[WhiteClock "0:00:57"]
[BlackClock "0:00:03"]

1. e4 c5 2. Nf3 d6 3. d4 cxd4 4. Nxd4 Nf6 5. Nc3 a6 6. Bg5 Nbd7 7. Qe2 g6 8. f4 Bg7 9. O-O-O O-O 10. e5 dxe5 11. fxe5 Qa5 12. Bxf6 exf6 13. e6 Ne5 14. exf7+ Rxf7 15. Nb3 Qc7 16. Nd5 Qd8 17. h3 Be6 18. Nf4 Qc8 19. Nxe6 Qxe6 20. g4 Rc8 21. Bg2 Rfc7 22. Bd5 Qxd5 23. Rxd5 f5 24. c3 Nc4 25. Nd4 Bh6+ 26. Kb1 Nd2+ 27. Ka1 Ne4 28. gxf5 Re8 29. fxg6 hxg6 30. Qg4 Kh7 31. Rd7+ Re7 32. Rxc7 Rxc7 33. Qxe4 Rf7 34. a4 b5 35. Rg1 Rg7 36. Ne6 Rg8 37. Rxg6 bxa4 38. Rxg8+ Kxg8 39. Qg6+ Kh8 40. Qxh6+ Kg8 41. Qg7# 1-0


[Site "https://www.chess.com"]

[Event "Titled Tuesday Blitz November 08 Early 2022"]
[White "Martinez Alcantara, Jose Eduardo"]
[Black "Nakamura, Hikaru"]
[WhiteFideId "3805662"]
[BlackFideId "2016192"]
[WhiteElo "2705"]
[BlackElo "2909"]
[Result "1/2-1/2"]
[Round "09"]
[TimeControl "180+1"]
[Date "2022.11.08"]
[WhiteClock "0:00:03"]
[BlackClock "0:00:34"]

1. e4 d5 2. exd5 Qxd5 3. Nf3 Bg4 4. Be2 e6 5. h3 Bh5 6. d4 Nc6 7. Be3 Nf6 8. O-O Be7 9. c4 Qd8 10. Nc3 O-O 11. a3 Qc8 12. d5 Rd8 13. Qb3 Bxf3 14. Bxf3 Ne5 15. Be2 c5 16. dxe6 Qxe6 17. Rad1 b6 18. Rxd8+ Rxd8 19. Rd1 Rxd1+ 20. Nxd1 Nc6 21. Qd3 Bd6 22. Nc3 Be5 23. Bf3 Nd4 24. Bd5 Qf5 25. Ne4 Ne2+ 26. Qxe2 Nxd5 27. Bd2 Nc7 28. Bc3 h5 29. Bxe5 Qxe5 30. Ng3 Qg5 31. Nxh5 Ne6 32. Ng3 Nd4 33. Qe8+ Kh7 34. Qxf7 Qc1+ 35. Kh2 Qxb2 36. Qh5+ Kg8 37. Qe8+ Kh7 38. Qh5+ Kg8 39. Qd5+ Kf8 40. Qa8+ Kf7 41. Qxa7+ Kg6 42. Qc7 Nf3+ 43. gxf3 Qxf2+ 44. Kh1 Qxf3+ 45. Kh2 Qf2+ 46. Kh1 Qf3+ 47. Kg1 Qe3+ 48. Kg2 Qd2+ 49. Kf3 Qc3+ 50. Kf2 Qd4+ 51. Kf1 Qa1+ 52. Kf2 Qd4+ 53. Kg2 Qd2+ 54. Kf3 Qc3+ 55. Kf2 Qd4+ 1/2-1/2


[Site "https://www.chess.com"]

[Event "Titled Tuesday Blitz November 08 Early 2022"]
[White "Matinian, Nikita"]
[Black "Salman, Pavel"]
[WhiteFideId "24129100"]
[BlackFideId "24153753"]
[WhiteElo "2728"]
[BlackElo "2533"]
[Result "1-0"]
[Round "09"]
[TimeControl "180+1"]
[Date "2022.11.09"]
[WhiteClock "0:00:09"]
[BlackClock "0:00:04"]

1. e4 d6 2. d4 Nf6 3. Nc3 g6 4. f4 Bg7 5. Nf3 c5 6. Be3 Qa5 7. Qd2 O-O 8. h3 b5 9. Nxb5 Qxd2+ 10. Nxd2 cxd4 11. Bxd4 Nc6 12. Bc3 Rb8 13. Bd3 a6 14. Nd4 Nxd4 15. Bxd4 Nh5 16. Bxg7 Kxg7 17. Rf1 Rxb2 18. Nb3 Be6 19. Kd2 Rc8 20. Kc1 Rxb3 21. axb3 Bxb3 22. Rxa6 Bc4 23. Bxc4 Rxc4 24. e5 Nxf4 25. exd6 exd6 26. Rxd6 Nxg2 27. Rf2 Ne3 28. Rd7 Nf5 29. Kb2 Rb4+ 30. Ka3 Rh4 31. Rd3 h5 32. Kb3 Nd4+ 33. Kb2 Ne6 34. c3 Ng5 35. Kb3 Ne4 36. Rd4 f5 37. Rh2 Rf4 38. Kb4 Rf3 39. c4 Rf1 40. Rb2 Rc1 41. Kb5 Nf6 42. Kc6 g5 43. c5 Ne4 44. Rd5 Kf6 45. Rb8 g4 46. Rf8+ Ke7 47. Rfxf5 Nf6 48. Rde5+ Kf7 49. hxg4 hxg4 50. Rf4 Kg6 51. Re6 Kg5 52. Rexf6 g3 53. R4f5+ Kg4 54. Rf8 g2 55. R5f7 g1=Q 56. Rg8+ Kh4 57. Rh7# 1-0


[Site "https://www.chess.com"]

[Event "Titled Tuesday Blitz November 08 Early 2022"]
[White "Mazzilli, Piero"]
[Black "Lehtosaari, Mauri"]
[WhiteFideId "807087"]
[BlackFideId "501999"]
[WhiteElo "2291"]
[BlackElo "2507"]
[Result "1/2-1/2"]
[Round "09"]
[TimeControl "180+1"]
[Date "2022.11.09"]
[WhiteClock "0:00:13"]
[BlackClock "0:00:13"]

1. e4 c5 2. Nf3 e6 3. c3 Nf6 4. e5 Nd5 5. d4 cxd4 6. cxd4 d6 7. Bc4 Nc6 8. O-O Be7 9. Qe2 O-O 10. Nc3 Nxc3 11. bxc3 a6 12. Bd3 f5 13. exf6 Bxf6 14. Qe4 g6 15. Bh6 Re8 16. Rfe1 Bd7 17. h4 Bg7 18. Bxg7 Kxg7 19. h5 Qf6 20. Nh4 Ne7 21. hxg6 hxg6 22. Re3 Bc6 23. Qg4 Nf5 24. Nxf5+ exf5 25. Qf4 Rxe3 26. fxe3 Rh8 27. Rf1 Qh4 28. Qxh4 Rxh4 29. Rf4 Rh8 30. e4 fxe4 31. Bxe4 Re8 32. Bxc6 bxc6 33. Kf2 Rb8 34. Kg3 Rb2 35. Rf2 Rxf2 36. Kxf2 Kf6 37. Kf3 Kf5 38. g4+ Kg5 39. Kg3 a5 40. c4 a4 41. a3 Kf6 42. Kf4 g5+ 43. Ke4 Ke6 44. d5+ cxd5+ 45. cxd5+ Kf6 46. Kd4 Ke7 47. Kc4 Kf6 48. Kd4 Ke7 49. Kd3 Kf7 50. Kc3 Kf6 51. Kd4 1/2-1/2


[Site "https://www.chess.com"]

[Event "Titled Tuesday Blitz November 08 Early 2022"]
[White "Mendez Fortes, Eduardo Jesus"]
[Black "Skibbe, Willi"]
[WhiteFideId "3502376"]
[BlackFideId "4682190"]
[WhiteElo "2307"]
[BlackElo "2368"]
[Result "1-0"]
[Round "09"]
[TimeControl "180+1"]
[Date "2022.11.09"]
[WhiteClock "0:02:56"]
[BlackClock "0:00:15"]

1. e4 e5 2. Nf3 Nc6 3. Bb5 a6 4. Ba4 Nf6 5. O-O Be7 6. Re1 b5 7. Bb3 O-O 8. c3 d5 9. exd5 Nxd5 10. Nxe5 Nxe5 11. Rxe5 c6 12. d4 Bd6 13. Re1 Qh4 14. g3 Qh3 15. Re4 g5 16. Qe2 Bf5 17. Nd2 Nf6 18. f3 Rae8 19. Bc2 g4 20. Rxe8 Rxe8 21. Ne4 gxf3 22. Nxf6+ 1-0


[Site "https://www.chess.com"]

[Event "Titled Tuesday Blitz November 08 Early 2022"]
[White "Mihailidis, Anastasios"]
[Black "Lopez Martinez, Josep Manuel"]
[WhiteFideId "4205588"]
[BlackFideId "2212943"]
[WhiteElo "2312"]
[BlackElo "2471"]
[Result "0-1"]
[Round "09"]
[TimeControl "180+1"]
[Date "2022.11.09"]
[WhiteClock "0:00:05"]
[BlackClock "0:00:50"]

1. e4 c5 2. Nf3 d6 3. d4 cxd4 4. Nxd4 Nf6 5. f3 a6 6. c4 e6 7. Nc3 g6 8. Be3 Bg7 9. Be2 O-O 10. O-O Nbd7 11. Qd2 Qc7 12. Rfd1 Re8 13. Nc2 Bf8 14. Bh6 Be7 15. Bf4 Ne5 16. b3 b6 17. Be3 Bb7 18. Qd4 Ned7 19. Na4 Nc5 20. Nxc5 bxc5 21. Qd2 Nd7 22. Bg5 Bf8 23. Bf4 Ne5 24. Bxe5 dxe5 25. Qd7 Rac8 26. Ne3 h5 27. Rd3 Bc6 28. Qxc7 Rxc7 29. Rad1 Be7 30. g4 h4 31. h3 a5 32. Ng2 a4 33. Kf2 axb3 34. axb3 Ra8 35. Ke3 Ra2 36. R1d2 Ra3 37. f4 exf4+ 38. Kxf4 g5+ 39. Kf3 f5 40. gxf5 exf5 41. Rd5 Rxb3+ 42. Bd3 Bxd5 43. exd5 Bd6 44. Ne3 Bf4 45. Rd1 Bxe3 46. Kxe3 Kg7 47. Kd2 Kf6 48. Rf1 f4 49. Re1 Rb6 50. Re8 Rb2+ 51. Kc3 Rcb7 52. Re6+ Kf7 53. Bg6+ Kg7 54. Kd3 R7b3+ 55. Ke4 Re3+ 56. Kf5 Rxe6 57. Kxe6 f3 58. Bd3 Rd2 59. Bf1 Re2+ 60. Kf5 Re1 61. Bd3 f2 62. d6 Rd1 63. Be2 Rxd6 64. Ke4 Rd1 65. Kf3 f1=Q+ 66. Bxf1 Rxf1+ 0-1


[Site "https://www.chess.com"]

[Event "Titled Tuesday Blitz November 08 Early 2022"]
[White "Mirzoev, Azer"]
[Black "Crevatin, Leo"]
[WhiteFideId "13400304"]
[BlackFideId "1726307"]
[WhiteElo "2682"]
[BlackElo "2521"]
[Result "1/2-1/2"]
[Round "09"]
[TimeControl "180+1"]
[Date "2022.11.09"]
[WhiteClock "0:00:07"]
[BlackClock "0:00:06"]

1. e4 c5 2. Nc3 Nc6 3. g3 g6 4. Bg2 Bg7 5. d3 e6 6. h4 h5 7. Be3 d6 8. Qd2 Rb8 9. Nh3 b5 10. Ng5 Nge7 11. O-O-O a5 12. Kb1 a4 13. Ne2 Qc7 14. f4 O-O 15. Bf3 d5 16. g4 d4 17. Bf2 f6 18. gxh5 fxg5 19. hxg5 b4 20. hxg6 Nxg6 21. Bg3 b3 22. cxb3 axb3 23. a3 Qa5 24. Qxa5 Nxa5 25. f5 Be5 26. Bh5 Bxg3 27. Bxg6 exf5 28. Nxg3 fxe4 29. Nxe4 Kg7 30. Bh5 c4 31. dxc4 Bf5 32. Bf3 Rbd8 33. c5 Rfe8 34. Rhe1 Nc4 35. Kc1 Ne3 36. Nf6 Re5 37. Kd2 Nc4+ 38. Kc1 Ne3 39. Rxe3 Rxe3 40. Bd5 Re5 41. Bxb3 Rxc5+ 42. Kd2 Rb8 43. Bd5 Rxb2+ 44. Ke1 Rcc2 45. Bf3 Rf2 46. Rxd4 Rxf3 47. Nh5+ Kg6 48. Nf4+ Kxg5 49. Ne2 Re3 50. Rd2 Bd3 51. Rxb2 Bxe2 52. Rxe2 Rxa3 53. Rg2+ Kf4 54. Rd2 Ke3 55. Re2+ Kf3 56. Rf2+ Ke3 57. Re2+ Kf3 58. Rf2+ Ke3 59. Re2+ 1/2-1/2


[Site "https://www.chess.com"]

[Event "Titled Tuesday Blitz November 08 Early 2022"]
[White "Mosadeghpour, Masoud"]
[Black "Firouzja, Alireza"]
[WhiteFideId "12519278"]
[BlackFideId "12573981"]
[WhiteElo "2393"]
[BlackElo "2903"]
[Result "0-1"]
[Round "09"]
[TimeControl "180+1"]
[Date "2022.11.08"]
[WhiteClock "0:00:03"]
[BlackClock "0:01:41"]

1. e4 c5 2. Nf3 d6 3. d4 cxd4 4. Nxd4 Nf6 5. Nc3 Nc6 6. Be2 e5 7. Nb3 Be7 8. O-O O-O 9. f4 a5 10. Be3 a4 11. Nd2 a3 12. b3 Qa5 13. Nb5 d5 14. fxe5 Nxe5 15. exd5 Nxd5 16. Bd4 Nc6 17. Bf2 Rd8 18. Bf3 Nf6 19. Bxc6 Rxd2 20. Qe1 bxc6 21. Nd4 Bf8 22. Nxc6 Qc3 23. Rd1 Rxc2 24. Qxc3 Rxc3 25. Ne5 Rc2 26. Rd8 Bb7 27. Rfd1 Rxd8 28. Rxd8 Rxa2 29. Bc5 Ra1+ 30. Kf2 Ne4+ 31. Ke3 Nxc5 32. b4 Ne6 33. Rb8 a2 34. Nd7 Re1+ 35. Kf2 a1=Q 0-1


[Site "https://www.chess.com"]

[Event "Titled Tuesday Blitz November 08 Early 2022"]
[White "Moskvin, Anatoly"]
[Black "Averjanov, Alexey"]
[WhiteFideId "24199990"]
[BlackFideId "14109867"]
[WhiteElo "2079"]
[BlackElo "2584"]
[Result "0-1"]
[Round "09"]
[TimeControl "180+1"]
[Date "2022.11.09"]
[WhiteClock "0:00:04"]
[BlackClock "0:00:48"]

1. e4 c6 2. c4 d5 3. exd5 cxd5 4. cxd5 Nf6 5. Nc3 g6 6. Nf3 Nxd5 7. Bb5+ Bd7 8. Qb3 Nxc3 9. dxc3 Bg7 10. O-O Bxb5 11. Qxb5+ Qd7 12. Qxd7+ Nxd7 13. Re1 e6 14. Be3 O-O 15. Rad1 Rfd8 16. Kf1 Kf8 17. Rd2 Ke8 18. Red1 a6 19. Ng5 h6 20. Ne4 Ke7 21. Nd6 Rab8 22. Nxf7 Kxf7 23. Rxd7+ Ke8 24. Rxd8+ Rxd8 25. Rxd8+ Kxd8 26. Ke2 Kd7 27. Kd3 Kc6 28. Bd4 Bf8 29. Ke4 Bd6 30. Be5 Bc5 31. f3 Kd7 32. g4 b5 33. b3 Ke7 34. Bf4 h5 35. gxh5 gxh5 36. Bg5+ Kf7 37. h3 Kg6 38. Be3 Bd6 39. c4 bxc4 40. bxc4 Kf6 41. c5 Bc7 42. Bf4 e5 43. Bg3 Ke6 44. a4 Bb8 45. h4 Bc7 46. f4 exf4 47. Bxf4 Bd8 48. c6 Bxh4 49. c7 Kd7 50. Kd5 Bf2 51. Ke4 Bb6 52. Kf5 Bxc7 53. Bd2 Bd8 54. Kf4 Kc6 55. Kg3 Kd5 56. Be1 Kc4 57. Kh3 Kb3 58. a5 Kc4 59. Kg3 Kb5 60. Kf4 Bxa5 61. Bf2 Bd8 62. Bd4 a5 63. Kf5 Kc4 64. Bg7 a4 65. Bh8 a3 66. Bg7 a2 67. Bh8 Kb3 68. Bg7 Ba5 69. Bh8 Bc3 0-1


[Site "https://www.chess.com"]

[Event "Titled Tuesday Blitz November 08 Early 2022"]
[White "Noboa Silva, Kevin"]
[Black "Artemenko, Oleg"]
[WhiteFideId "3618471"]
[BlackFideId "14201798"]
[WhiteElo "2645"]
[BlackElo "2834"]
[Result "0-1"]
[Round "09"]
[TimeControl "180+1"]
[Date "2022.11.09"]
[WhiteClock "0:01:27"]
[BlackClock "0:02:21"]

1. d4 e6 2. c4 b6 3. Nc3 Bb7 4. Nf3 Bb4 5. e3 Nf6 6. Bd3 O-O 7. O-O d6 8. Nd2 Nbd7 9. e4 c5 10. d5 exd5 11. exd5 Bxc3 12. bxc3 Re8 13. f4 a6 14. Nf3 b5 15. Rb1 Qb6 16. cxb5 c4+ 17. Nd4 cxd3 18. bxa6 Qxb1 19. axb7 Qxb7 20. Qxd3 Qxd5 21. a3 Nc5 22. Qh3 Nb3 23. Nxb3 Qxb3 24. f5 Qb6+ 25. Kh1 Qb5 26. Qf3 Rac8 27. Bg5 Rxc3 28. Qf4 Rc4 29. Qf3 Rce4 30. Bxf6 Qxf1+ 31. Qxf1 Re1 32. Kg1 Rxf1+ 33. Kxf1 gxf6 0-1


[Site "https://www.chess.com"]

[Event "Titled Tuesday Blitz November 08 Early 2022"]
[White "Nouri, Alekhine"]
[Black "Streltsov, Alexey"]
[WhiteFideId "5216184"]
[BlackFideId "24104434"]
[WhiteElo "2752"]
[BlackElo "2582"]
[Result "0-1"]
[Round "09"]
[TimeControl "180+1"]
[Date "2022.11.09"]
[WhiteClock "0:00:03"]
[BlackClock "0:00:56"]

1. e4 c6 2. d4 d5 3. exd5 cxd5 4. Bd3 Nc6 5. c3 Nf6 6. Bf4 Bg4 7. Qb3 Qd7 8. Nd2 e6 9. Ngf3 Bd6 10. Bxd6 Qxd6 11. O-O O-O 12. Rae1 Ne7 13. Ne5 Bf5 14. Qc2 b5 15. Bxf5 Nxf5 16. Qd3 b4 17. Qh3 Qa6 18. g4 Nd6 19. f3 bxc3 20. bxc3 Qxa2 21. Rf2 Qa4 22. g5 Nd7 23. Nd3 Rfe8 24. f4 Rac8 25. Nb4 a5 26. Na6 Qc6 27. Nc5 Nxc5 28. dxc5 Qxc5 29. Kf1 Qxc3 30. Qh5 Qd3+ 31. Kg1 Rc2 32. Ree2 g6 33. Qg4 Rb8 34. Kg2 Rbb2 35. h4 Rxd2 36. h5 Rxe2 0-1


[Site "https://www.chess.com"]

[Event "Titled Tuesday Blitz November 08 Early 2022"]
[White "Odegov, Artem"]
[Black "Luberanski, Jakub"]
[WhiteFideId "34183644"]
[BlackFideId "21830509"]
[WhiteElo "2298"]
[BlackElo "2109"]
[Result "0-1"]
[Round "09"]
[TimeControl "180+1"]
[Date "2022.11.09"]
[WhiteClock "0:00:02"]
[BlackClock "0:00:40"]

1. d4 d5 2. c4 e6 3. Nc3 Nf6 4. Bg5 Be7 5. Nf3 O-O 6. Qc2 Nbd7 7. e3 c6 8. Rd1 b6 9. h4 Bb7 10. Ne5 Rc8 11. cxd5 exd5 12. Bd3 h6 13. Bf4 c5 14. O-O cxd4 15. exd4 Ne4 16. h5 Nxe5 17. Bxe5 Bf6 18. Rc1 Bxe5 19. dxe5 Nxc3 20. bxc3 Qg5 21. Qe2 d4 22. f4 Qg3 23. c4 Bxg2 24. Qxg2 Qxd3 25. f5 Qe3+ 26. Kh1 Qxe5 27. Rce1 Qf6 28. Qd5 Qh4+ 29. Kg2 Qg5+ 30. Kh2 Qxh5+ 31. Kg3 Qg5+ 32. Kh3 Rfe8 33. Qxd4 Rxe1 34. Rxe1 Qxf5+ 35. Kh2 Qc2+ 36. Kh1 Qxc4 37. Qf2 Qd5+ 38. Kg1 Qg5+ 39. Kh1 Qh5+ 40. Kg1 Qg6+ 41. Kh1 Rc2 42. Qf3 Qc6 43. Qxc6 Rxc6 44. Re8+ Kh7 45. Re7 Rc1+ 46. Kh2 Rc2+ 47. Kh3 Rxa2 48. Rxf7 a5 49. Rb7 Rb2 50. Ra7 Rb4 51. Kh2 a4 52. Ra6 b5 53. Rc6 Rb3 54. Rc1 a3 55. Rg1 b4 56. Kh1 Rb2 57. Rg3 a2 58. Rg1 Rb1 59. Kh2 Rxg1 60. Kh3 0-1


[Site "https://www.chess.com"]

[Event "Titled Tuesday Blitz November 08 Early 2022"]
[White "Orlov, Georgi"]
[Black "Antonova, Nadezhda"]
[WhiteFideId "2011271"]
[BlackFideId "14700182"]
[WhiteElo "2561"]
[BlackElo "1813"]
[Result "1-0"]
[Round "09"]
[TimeControl "180+1"]
[Date "2022.11.09"]
[WhiteClock "0:01:20"]
[BlackClock "0:01:28"]

1. e4 c5 2. Nf3 d6 3. Nc3 Nf6 4. d4 cxd4 5. Nxd4 a6 6. Bc4 e6 7. Bb3 Be7 8. f4 Qc7 9. f5 e5 10. Nde2 h6 11. Ng3 O-O 12. Nh5 Nbd7 13. O-O Nxh5 14. Qxh5 Nf6 15. Qh3 b5 16. Rf3 Bb7 17. Bxh6 Nxe4 18. Nxe4 Bxe4 19. Bxg7 Kxg7 20. Qg4+ Kf6 21. Qh4+ 1-0


[Site "https://www.chess.com"]